 Dungeon Crawl Stone Soup version 0.17.2-1-ge4368a0 (webtiles) character file.

83 magog001 the Sneak (level 4, -4/31 HPs)
             Began as a Vampire Enchanter on Oct 16, 2016.
             Was an Initiate of Sif Muna.
             Slain by a worm (6 damage)
             ... on level 3 of the Dungeon.
             The game lasted 00:15:49 (2698 turns).

magog001 the Sneak (Vampire Enchanter)              Turns: 2698, Time: 00:15:50

Health: -4/31      AC:  3    Str:  5 (8)  XL:     4   Next: 22%
Magic:  7/7        EV: 13    Int: 17      God:    Sif Muna [......]
Gold:   123        SH:  0    Dex: 14      Spells: 2 memorised, 2 levels left

rFire  . . .     SeeInvis +     l - +2 dagger (venom)
rCold  . . .     Clarity  .     b - +1 robe
rNeg   + . .     SustAt   .     (no shield)
rPois  .         Gourm    .     i - +0 helmet
rElec  .         Spirit   .     q - -2 cloak (curse)
rCorr  .         Warding  .     (no gloves)
rMut   .         Stasis   .     (no boots)
MR     .....                    (no amulet)
Stlth  +++.......               (no ring)
                                (no ring)

@: not resistant to hostile enchantments, fairly stealthy
A: fangs 3, see invisible, unbreathing
a: Bat Form, Renounce Religion


You were on level 3 of the Dungeon.
You worshipped Sif Muna.
Sif Muna was noncommittal.
You were not thirsty.

You visited 1 branch of the dungeon, and saw 3 of its levels.

You collected 123 gold pieces.

Inventory:

Hand Weapons
 a - a +1 dagger
 l - a +2 dagger of venom (weapon)
Missiles
 j - 20 arrows
 k - 2 curare-tipped needles
 o - 4 tomahawks (quivered)
 r - 27 bolts
Armour
 b - a +1 robe (worn)
 e - a +0 ring mail
 f - a +1 leather armour of poison resistance
 h - a +0 scale mail
 i - a +0 helmet (worn)
 m - a +0 robe
 q - a cursed -2 cloak (worn)
 t - a +0 robe
Scrolls
 g - a scroll of identify
 p - a scroll of amnesia
 u - a scroll of blinking
Potions
 d - 9 potions of blood
 s - a potion of resistance {unknown}
 v - a potion of brilliance {unknown}
Books
 c - a book of Maledictions

   Spells                             Type                      Level
   a - Corona                         Hexes                        1
   b - Ensorcelled Hibernation        Hexes/Ice                    2
   c - Confuse                        Hexes                        3
   d - Tukima's Dance                 Hexes                        3
   e - Dazzling Spray                 Conjuration/Hexes            3


   Skills:
 + Level 0.8 Fighting
 + Level 1.5 Short Blades
 + Level 3.2 Dodging
 + Level 5.4 Stealth
 + Level 2.2 Spellcasting
 + Level 5.1 Hexes


You had 2 spell levels left.
You knew the following spells:

 Your Spells              Type           Power        Failure   Level  Hunger
a - Ensorcelled Hibernat  Hex/Ice        ##....       12%         2    ###....
b - Dazzling Spray        Conj/Hex       ##......     21%         3    ###....


Dungeon Overview and Level Annotations

Branches:
Dungeon (3/15)

Altars:
Gozag
Sif Muna
Xom


Innate Abilities, Weirdness & Mutations

You have razor-sharp teeth.
You have supernaturally acute eyesight.
You can survive without breathing.


Message History

The orc hits you but does no damage. The worm bites you!
Items here: )) †† a hand axe; a falchion; an orc corpse; an orc corpse You barely miss the orc.
The orc closely misses you.
You hit the orc.
You kill the orc!
The worm bites you!
* * * LOW HITPOINT WARNING * * *
Things that are here:
3 tomahawks; an orc corpse The worm misses you.
Items here: )) †† a hand axe; a falchion; an orc corpse; an orc corpse You barely miss the worm.
There is a stone staircase leading up here.
It was a potion of degeneration.
There was something very wrong with that liquid.
You feel weakened. The worm bites you.
You die...

#######
#.....#####
#.....#....
#.........
#.....#
#..(..#
###)### #w#
#@# #.# #.#
##
#.###....
#(....#
#.##### #.#
#.# #.#


You could see a worm.

Vanquished Creatures
  2 adders (D:2)
  2 oozes (D:1)
  A worm (D:2)
  3 giant geckos
  3 orcs (D:3)
  8 bats
  3 giant cockroaches
  4 goblins
  7 hobgoblins (D:1)
  3 jackals
  A giant newt (D:3)
  3 kobolds (D:1)
  2 quokkas (D:2)
  8 rats
50 creatures vanquished.

Notes
Turn   | Place    | Note
--------------------------------------------------------------
     0 | D:1      | magog001 the Vampire Enchanter began the quest for the Orb.
     0 | D:1      | Reached XP level 1. HP: 13/13 MP: 3/3
   312 | D:1      | Reached XP level 2. HP: 13/19 MP: 5/5
   726 | D:1      | Reached skill level 5 in Stealth
   767 | D:1      | Reached skill level 5 in Hexes
   916 | D:1      | Reached XP level 3. HP: 22/24 MP: 6/6
  1402 | D:2      | Found a shimmering altar of Xom.
  2291 | D:2      | Reached XP level 4. HP: 31/31 MP: 7/7
  2504 | D:2      | Found a deep blue altar of Sif Muna.
  2504 | D:2      | Found an opulent altar of Gozag.
  2519 | D:2      | Became a worshipper of Sif Muna the Loreminder
  2524 | D:2      | Learned a level 2 spell: Ensorcelled Hibernation
  2528 | D:2      | Learned a level 3 spell: Dazzling Spray
  2698 | D:3      | Slain by a worm

Action                   |  1- 3 |  4- 6 || total
-------------------------+-------+-------++-------
Melee: Dagger            |   143 |    24 ||   167
       Unarmed           |    20 |       ||    20
 Abil: End Transformatio |     1 |       ||     1
       Bat Form          |     1 |       ||     1
  Use: Potion            |     4 |     2 ||     6
       Scroll            |     6 |       ||     6
 Stab: Sleeping          |     8 |     2 ||    10
